 Dungeon Crawl Stone Soup version 0.26-a0-812-g31a745ddcd (webtiles) character file.

Game seed: 12837909616701234649

1688 Notrik the Fighter (level 9, 0/76 HPs)
             Began as a Formicid Fighter on Nov 13, 2020.
             Killed from afar by an orc wizard (5 damage)
             ... with a magic dart
             ... on level 5 of the Dungeon.
             The game lasted 00:06:58 (4244 turns).

Notrik the Fighter (Formicid Fighter)               Turns: 4244, Time: 00:06:59

Health: 0/76       AC: 12    Str: 23    XL:     9   Next: 22%
Magic:  9/9        EV: 13    Int:  9    God:
Gold:   237        SH: 11    Dex: 10    Spells: 8/8 levels left

rFire    . . .     SeeInvis +   a - +0 war axe
rCold    . . .     Faith    .   c - +0 kite shield
rNeg     . . .     Spirit   .   b - +0 scale mail
rPois    .         Reflect  .   (helmet unavailable)
rElec    .         Harm     .   p - +0 cloak
rCorr    .         Rampage  .   (no gloves)
MR       .....                  e - +2 pair of boots
Stlth    +.........             (no amulet)
HPRegen  0.22/turn              q - +4 ring of evasion
MPRegen  0.11/turn              y - ring of stealth

@: attractive
A: permanent stasis, dig shafts and tunnels, four strong arms, antennae 3
a: Dig, Shaft Self


You were on level 5 of the Dungeon.
You visited 1 branch of the dungeon, and saw 6 of its levels.

You collected 237 gold pieces.

Inventory:

Hand Weapons
 a - a +0 war axe (weapon)
Armour
 b - a +0 scale mail (worn)
 c - a +0 kite shield (worn)
 e - a +2 pair of boots (worn)
   (You found it on level 1 of the Dungeon)
 p - a +0 cloak (worn)
   (You found it on level 1 of the Dungeon)
Jewellery
 q - a +4 ring of evasion (left hand)
   (You found it on level 1 of the Dungeon)
 u - an uncursed ring of wizardry
   (You found it on level 4 of the Dungeon)
 y - a ring of stealth (right hand)
   (You found it on level 4 of the Dungeon)
Wands
 d - a wand of iceblast (3)
   (You took it off Ijyb on level 4 of the Dungeon)
 t - a wand of flame (8)
   (You took it off Robin on level 3 of the Dungeon)
 x - a wand of acid (5)
   (You found it on level 4 of the Dungeon)
 z - a wand of polymorph (4)
   (You took it off Grinder on level 4 of the Dungeon)
Scrolls
 f - 9 scrolls of remove curse {@r2}
 i - 3 scrolls of magic mapping
 j - 2 scrolls of fog {unknown}
 k - a scroll of fear {unknown}
 l - 8 scrolls of identify {@r1}
 m - 2 scrolls of teleportation {@r4}
 n - 2 scrolls of immolation {!r}
 o - a scroll of amnesia {unknown}
 A - a scroll of enchant weapon {unknown}
 D - a scroll of noise {unknown}
Potions
 g - a potion of heal wounds {unknown}
 h - 2 potions of attraction {!q}
 r - 3 potions of curing {unknown}
 s - a potion of berserk rage {unknown}
 v - 2 potions of brilliance {unknown}
 w - 3 potions of might
 B - a potion of ambrosia
 C - 2 potions of degeneration {unknown}


   Skills:
 * Level 9.3 Fighting
 - Level 2.0 Axes
 + Level 6.9 Armour
 + Level 7.6 Shields


You had 8 spell levels left.
You didn't know any spells.
Your spell library contained the following spells:

 Spells                   Type           Power        Failure   Level
 Magic Dart               Conj           #...         77%         1
 Call Imp                 Summ           #.......     88%         2
 Slow                     Hex            #.......     88%         2
 Conjure Flame            Conj/Fire      #.......     98%         3
 Mephitic Cloud           Conj/Pois/Air  #.......     98%         3
 Blink                    Tloc           Unusable     N/A         2

Dungeon Overview and Level Annotations

Branches:
Dungeon (6/15)             Temple (0/1) D:6

Altars:
Kikubaaqudgha


Innate Abilities, Weirdness & Mutations

You cannot be hasted, slowed, berserked, paralysed or teleported.
You can dig through walls and to a lower floor.
Your four strong arms can wield two-handed weapons with a shield.
You have a pair of large antennae on your head. (SInv)


Message History

You are too injured to fight recklessly!
The orc wizard points at you and mumbles some strange words.
You block the puff of flame. The yak completely misses you.
The gnoll hits you but does no damage. x2
You block the gnoll's attack. You block the orc wizard's attack.
You block the yak's attack.
The orc wizard gestures at you while chanting.
The magic dart hits you.
* * * LOW HITPOINT WARNING * * *
The orc wizard casts a spell at you. The magic dart hits you.
* * * LOW HITPOINT WARNING * * *
The orc wizard casts a spell at you. The puff of frost misses you.
There is a stone staircase leading up here.
You block the orc wizard's attack.
You climb upwards.
There is a stone staircase leading down here.
You closely miss the orc wizard. You barely miss the orc wizard.
You hit the yak but do no damage.
The orc wizard hits you with a +0 dagger.
* * * LOW HITPOINT WARNING * * *
You block the orc wizard's attack. The yak gores you.
* * * LOW HITPOINT WARNING * * *
The orc wizard hits you but does no damage.
The orc wizard hits you with a +0 dagger.
* * * LOW HITPOINT WARNING * * *
The yak gores you but does no damage.
You closely miss the orc wizard. You hit the orc wizard.
You hit the yak but do no damage.
The orc wizard looks encouraged for a moment.
The orc wizard hits you but does no damage.
You block the orc wizard's attack.
The orc wizard mumbles some strange words.
The orc wizard blinks!
The yak gores you!
* * * LOW HITPOINT WARNING * * *
You hit the yak.
You hit the orc wizard but do no damage.
The orc wizard points at you and mumbles some strange words.
The magic dart hits you.
* * * LOW HITPOINT WARNING * * *
The orc wizard misses you. The yak misses you.
The orc wizard hits you but does no damage.
It was a potion of attraction.
You feel attractive to monsters.
The orc wizard hits you with a +0 dagger.
* * * LOW HITPOINT WARNING * * *
The orc wizard points at you and mumbles some strange words.
The magic dart hits you.
You die...

....).................##
.......................#
..................<....#
......#................#
.....##................#
.....##................#
.......................#
................o.....##
.....>..#......#@....##
........##.###.Y.o####
#######..#.# ######
##.#.# #...# #####


You could see a yak and 2 orc wizards.

Vanquished Creatures
  Pikel (D:4)
  Grinder (D:4)
  2 yaks (D:5)
  A centaur (D:5)
  An ogre (D:5)
  A bullfrog (D:4)
  A vampire bat (D:4)
  A hound (D:4)
  Ijyb (D:4)
  An iguana (D:4)
  An orc wizard (D:5)
  5 worker ants
  Robin (D:3)
  A howler monkey skeleton (D:4)
  8 gnolls
  5 adders
  A white imp (D:6)
  An ooze (D:6)
  A worm (D:3)
  2 leopard geckos
  9 orcs
  A ball python (D:1)
  9 bats
  3 bat skeletons (D:4)
  4 bat zombies (D:4)
  7 giant cockroaches
  13 goblins
  9 hobgoblins
  4 quokkas
  4 frilled lizards
  5 kobolds
  3 rats
108 creatures vanquished.

Notes
Turn   | Place    | Note
-------+----------+-------------------------------------------
     0 | D:1      | Notrik the Formicid Fighter began the quest for the Orb.
     0 | D:1      | Reached XP level 1. HP: 18/18 MP: 1/1
   224 | D:1      | Reached XP level 2. HP: 24/24 MP: 2/2
   607 | D:2      | Reached XP level 3. HP: 30/30 MP: 3/3
   838 | D:2      | Reached skill level 4 in Fighting
  1109 | D:3      | Reached XP level 4. HP: 37/38 MP: 4/4
  1139 | D:3      | Reached XP level 5. HP: 36/43 MP: 5/5
  1392 | D:3      | Noticed Robin
  1405 | D:3      | Reached skill level 5 in Fighting
  1420 | D:3      | Killed Robin
  2076 | D:4      | Reached XP level 6. HP: 50/51 MP: 6/6
  2086 | D:4      | Noticed Ijyb
  2102 | D:4      | Killed Ijyb
  2102 | D:4      | Reached skill level 5 in Shields
  2496 | D:4      | Noticed Grinder
  2555 | D:4      | Killed Grinder
  2555 | D:4      | Reached skill level 6 in Fighting
  2555 | D:4      | Reached skill level 5 in Armour
  2555 | D:4      | Reached XP level 7. HP: 35/59 MP: 7/7
  2880 | D:4      | Noticed Pikel
  2917 | D:4      | Killed Pikel
  2917 | D:4      | Reached skill level 8 in Fighting
  2917 | D:4      | Reached XP level 8. HP: 60/68 MP: 8/8
  3104 | D:4      | Found an ancient bone altar of Kikubaaqudgha.
  3204 | D:5      | Entered Level 5 of the Dungeon
  3701 | D:6      | Noticed a yak
  3701 | D:6      | Noticed a yak
  3701 | D:6      | Noticed a yak
  3702 | D:6      | Noticed a yak
  3948 | D:6      | Reached XP level 9. HP: 67/75 MP: 9/9
  3961 | D:5      | Reached skill level 9 in Fighting
  4216 | D:6      | Found a staircase to the Ecumenical Temple.
  4244 | D:5      | Killed from afar by an orc wizard

Illustrated notes

Levels and vault maps discovered:
D:1:      dpeg_arrival_erosion, layout_rooms, st_stairs_11,
          chequers_serial_rivers_micro_a
D:2:      layout_rooms
D:3:      layout_loops_cross, uniq_robin
D:4:      layout_basic, kennysheep_vampire_church, kennysheep_generic_room_5,
          uniq_ijyb, uniq_pikel, uniq_grinder
D:5:      layout_rooms
D:6:      layout_rooms, minmay_temple_entry_large_hall

Skill      XL: |  1  2  3  4  5  6  7  8  9 |
---------------+----------------------------+-----
Shields        | 4 5 6 7 |  7.6
Fighting       | 4 5 6 8 9 |  9.3
Armour         | 4 5 6 |  6.9
Axes           | |  2.0

Action                   |  1- 3 |  4- 6 |  7- 9 || total
-------------------------+-------+-------+-------++-------
Melee: War axe           |    98 |   123 |   172 ||   393
       Unarmed           |       |     3 |       ||     3
  Use: Potion            |       |     1 |     1 ||     2
       Scroll            |       |       |     5 ||     5
 Stab: Confused          |       |     1 |       ||     1
Armor: Scale mail        |    46 |    55 |   105 ||   206
Dodge: Dodged            |    51 |    62 |   115 ||   228
Block: Kite shield       |    64 |    68 |   146 ||   278

Table legend: (Time is in decaauts)
 A = Elapsed time spent in this place.
 B = Non-inter-level travel time spent in this place.
 C = Inter-level travel time spent in this place.
 D = Time resting spent in this place.
 E = Time spent auto-exploring this place.
 F = Levels seen in this place.
 G = Mean time per level.
                   A        B        C        D        E       F      G
               +--------+--------+--------+--------+--------+-----+--------+
         Total |   4412 |   4298 |    114 |    918 |   2356 |   6 |  735.3 |
       Dungeon |   4412 |   4298 |    114 |    918 |   2356 |   6 |  735.3 |
               +--------+--------+--------+--------+--------+-----+--------+

Top non-repeatable levels by time:
     D:4: 1182 daAuts
     D:3: 1140 daAuts
     D:5: 952 daAuts
     D:1: 626 daAuts
     D:2: 382 daAuts
     D:6: 127 daAuts
